 Dungeon Crawl Stone Soup version 0.27-a0-604-g29a88b33a7 (webtiles) character file.

Game seed: 18429980767944718652

123041 pistachioham the Bewitcher (level 16, -11/83 HPs)
             Began as a Deep Elf Conjurer on Mar 10, 2021.
             Was an Elder of Sif Muna.
             Killed from afar by a deep elf knight (31 damage)
             ... with a shard of ice
             ... on level 1 of the Elven Halls on Mar 13, 2021.
             The game lasted 04:43:50 (36696 turns).

pistachioham the Bewitcher (Deep Elf Conjurer)     Turns: 36696, Time: 04:43:51

Health: -11/83     AC: 12    Str: 13    XL:     16   Next: 36%
Magic:  7/32       EV: 14    Int: 30    God:    Sif Muna [****..]
Gold:   2276       SH:  0    Dex: 11    Spells: 4/35 levels left

rFire    . . .     SeeInvis .   b - +6 longbow of Untimely Demise {flame, +Inv rElec Int+2 Dex-2}
rCold    . . .     Faith    .   (shield currently unavailable)
rNeg     . . .     Spirit   .   P - +2 leather armour {rPois}
rPois    +         Reflect  .   M - +1 hat {Will+}
rElec    +         Harm     .   R - scarf {repulsion}
rCorr    .         Rampage  .   Q - +0 pair of gloves
Will     +++..                  L - +0 pair of boots
Stlth    ++++......             D - amulet "Wore" {Acrobat Will+}
HPRegen  0.23/turn              t - +4 ring of protection
MPRegen  0.23/turn              y - +6 ring of strength

@: spiked, repel missiles
A: no striking features
a: Renounce Religion, Evoke Invisibility, Channel Magic, Forget Spell, Divine
Exegesis


You were on level 1 of the Elven Halls.
You worshipped Sif Muna.
Sif Muna was greatly pleased with you.
You visited 7 branches of the dungeon, and saw 25 of its levels.
You also visited: Gauntlet and Ice Cave.

You collected 2351 gold pieces.
You spent 75 gold pieces at shops.

Inventory:

Hand Weapons
 a - a +3 dagger
 b - the +6 longbow of Untimely Demise (weapon) {flame, +Inv rElec Int+2 Dex-2}
   (You acquired it on level 5 of the Lair of Beasts)

   It causes projectiles fired from it to burn those they strike, causing extra
   injury to most foes and up to half again as much damage against particularly
   susceptible opponents.
   It affects your intelligence (+2).
   It affects your dexterity (-2).
   It insulates you from electricity.
   It lets you turn invisible.
 p - a +3 shortbow of flaming
Missiles
 h - 633 arrows (quivered ammo)
Armour
 i - a +2 robe of resistance
 m - a +0 cloak of stealth
 o - a scarf of shadows
 r - a +2 robe of the Archmagi
 I - the +1 robe of Hadjma {Int+3 Dex+5}
   (You found it in a Gauntlet)

   It affects your intelligence (+3).
   It affects your dexterity (+5).
 K - a +3 troll leather armour
 L - a +0 pair of boots (worn)
 M - a +1 hat of willpower (worn)
 P - a +2 leather armour of poison resistance (worn)
 Q - a +0 pair of gloves (worn)
 R - a scarf of repulsion (worn)
Jewellery
 n - a ring of resist corrosion
 t - a +4 ring of protection (right hand)
 u - an amulet of reflection
 y - a +6 ring of strength (left hand)
 D - the amulet "Wore" (around neck) {Acrobat Will+}
   (You took it off a minotaur in a Gauntlet)

   [amulet of the acrobat]

   It helps you evade while moving and waiting.
   It affects your willpower, your defense against some magical effects.
 J - a ring of willpower
 W - an amulet of magic regeneration
Wands
 d - a wand of acid (12)
 w - a wand of iceblast (14)
 E - a wand of paralysis (7)
 N - a wand of mindburst (3)
 Z - a wand of digging (11)
Scrolls
 j - 7 scrolls of teleportation
 l - 2 scrolls of amnesia
 A - 7 scrolls of identify
 B - a scroll of immolation
 G - a scroll of fear
 O - a scroll of silence
 T - a scroll of enchant weapon
Potions
 c - 3 potions of brilliance
 g - 2 potions of cancellation
 k - 4 potions of flight
 v - 4 potions of might
 x - 4 potions of lignification
 z - 5 potions of resistance
 C - 4 potions of attraction
 H - a potion of berserk rage


   Skills:
 - Level 3.3 Fighting
 + Level 15.3 Bows
 - Level 7.8 Dodging
 - Level 9.7 Stealth
 - Level 10.1 Spellcasting
 * Level 16.1 Conjurations
 * Level 18.0 Hexes
 + Level 7.8 Translocations
 - Level 11.4 Invocations


You had 4 spell levels left.
You knew the following spells:

 Your Spells              Type           Power      Damage    Failure   Level
a - Magic Dart            Conj           100%       1d8       0%          1
b - Searing Ray           Conj           100%       3d7       0%          2
c - Dazzling Flash        Conj/Hex       100%       N/A       0%          3
d - Fulminant Prism       Conj/Hex       43%        3d20      1%          4
e - Iskenderun's Mystic   Conj/Tloc      72%        2d15      1%          4
f - Portal Projectile     Hex/Tloc       100%       N/A       1%          3
g - Inner Flame           Hex/Fire       62%        N/A       1%          3
h - Orb of Destruction    Conj           42%        9d14      4%          7
P - Passage of Golubria   Tloc           N/A        N/A       1%          4

Your spell library contained the following spells:

 Spells                   Type           Power      Damage    Failure   Level
 Corona                   Hex            98%        N/A       0%          1
 Slow                     Hex            89%        N/A       0%          2
 Confusing Touch          Hex            89%        N/A       0%          3
 Tukima's Dance           Hex            89%        N/A       0%          3
 Blink                    Tloc           N/A        N/A       1%          2
 Ensorcelled Hibernation  Hex/Ice        100%       N/A       1%          2
 Conjure Flame            Conj/Fire      59%        6-21      1%          3
 Gell's Gravitas          Tloc           29%        N/A       1%          3
 Lesser Beckoning         Tloc           29%        N/A       1%          3
 Mephitic Cloud           Conj/Pois/Air  47%        N/A       1%          3
 Static Discharge         Conj/Air       59%        N/A       1%          3
 Stone Arrow              Conj/Erth      100%       3d13      1%          3
 Summon Guardian Golem    Hex/Summ       62%        N/A       1%          3
 Teleport Other           Tloc           58%        N/A       1%          3
 Cause Fear               Hex            44%        N/A       1%          4
 Leda's Liquefaction      Hex/Erth       31%        N/A       1%          4
 Manifold Assault         Tloc           58%        N/A       1%          4
 Animate Skeleton         Necr           30%        N/A       4%          1
 Pain                     Necr           60%        1d7       4%          1
 Sting                    Tmut/Pois      60%        1d6       4%          1
 Summon Small Mammal      Summ           60%        N/A       4%          1
 Call Imp                 Summ           15%        N/A       7%          2
 Poisonous Vapours        Pois/Air       30%        N/A       7%          2
 Sublimation of Blood     Necr           7%         N/A       7%          2
 Call Canine Familiar     Summ           15%        N/A       13%         3
 Frozen Ramparts          Ice            30%        1d5       13%         3
 Ignite Poison            Fire/Tmut/Pois 15%        N/A       13%         3
 Vampiric Draining        Necr           7%         2d7       13%         3
 Animate Armour           Summ/Erth      30%        N/A       41%         4
 Animate Dead             Necr           7%         N/A       41%         4
 Olgreb's Toxic Radiance  Pois           15%        N/A       41%         4
 Summon Ice Beast         Ice/Summ       15%        N/A       41%         4
 Summon Lightning Spire   Summ/Air       15%        N/A       41%         4
 Iskenderun's Battlesphe  Conj           84%        2d13      1%          5
 Silence                  Hex/Air        31%        N/A       3%          5
 Yara's Violent Unravell  Hex/Tmut       31%        3d13      3%          5
 Lightning Bolt           Conj/Air       29%        1d46      4%          5
 Discord                  Hex            44%        N/A       17%         8
 Iron Shot                Conj/Erth      29%        9d6       24%         6
 Dispersal                Tloc           29%        N/A       26%         6
 Freezing Cloud           Conj/Ice/Air   23%        6-21      58%         6
 Agony                    Necr           15%        N/A       77%         5
 Excruciating Wounds      Necr           7%         N/A       77%         5
 Spellforged Servitor     Conj/Summ      29%        N/A       80%         7
 Simulacrum               Ice/Necr       7%         N/A       100%        6
 Malign Gateway           Summ/Tloc      19%        N/A       100%        7
 Borgnjor's Revivificati  Necr           7%         N/A       100%        8


Dungeon Overview and Level Annotations

Branches:
Dungeon (13/15)            Temple (1/1) D:4            Lair (6/6) D:10
  Swamp (1/4) Lair:3        Snake (1/4) Lair:2        Slime (0/5) Lair:6
    Orc (2/2) D:10            Elf (1/3) Orc:2         IceCv (visited)
Gauntlet (visited)
 Vaults: D:13-14

Altars:
Ashenzari
Cheibriados
Elyvilon
Gozag
Kikubaaqudgha
Makhleb
Okawaru
Qazlal
Sif Muna
Trog
Uskayaw
Vehumet
Wu Jian
Zin
The Shining One
Beogh
Jiyva

Shops:
D:13 [   Orc:2 (*[[*

Portals:
Trove: D:13 (lose all piety)

Annotations:
D:8 3 runed translucent doors, garrulousMonolith's ghost, novice GnTm
D:13 Nessos


Message History

Unknown command.
Casting: Orb of Destruction (dangerous; 4% risk of failure)
Confirm with . or Enter, or press ? or * to list all spells.
Aiming: Fulminant Prism (safe; 1% risk of failure)
Press: ? - help, Dir - move target You conjure a prism of explosive energy!
A fulminant prism comes into view.
Casting: Fulminant Prism (safe; 1% risk of failure)
Confirm with . or Enter, or press ? or * to list all spells.
Aiming: Fulminant Prism (safe; 1% risk of failure)
Press: ? - help, Dir - move target You conjure a prism of explosive energy!
A fulminant prism comes into view.
The fire elemental hits your fulminant prism.
The fire elemental burns your fulminant prism!
Your fulminant prism resists.
Something hits you!
* * * LOW HITPOINT WARNING * * *
A deep elf knight comes into view. It is wielding a +0 short sword.
The fire elemental hits your fulminant prism.
The fire elemental burns your fulminant prism!
Your fulminant prism resists.
Your fulminant prism crackles loudly.
You feel better. Something hits you but does no damage.
The fire elemental hits your fulminant prism.
The fire elemental burns your fulminant prism!
Your fulminant prism resists.
Your fulminant prism crackles loudly.
Your fulminant prism explodes!
The blast of energy engulfs your fulminant prism!!
The blast of energy engulfs the deep elf knight!!!
The deep elf knight is almost dead.
The blast of energy engulfs the fire elemental!!!
You destroy the fire elemental!
Your fulminant prism explodes!
You hear a snapping sound.
Unknown command.
You hear some strange, mumbled words.
A shard of ice appears from out of thin air!
The shard of ice hits you!!
You die...

..[ #+##+#.# ......#
.(.....### ####
#........E
##(.######.#.#.#.#°
##....##....#.#.#.#§
#(.@{..'e.....8.).).
#......'..#..(######
##....##○°...##
##..##.....##
####...#.○'..
........'...
#.#.#....##...
#.#.#.#### #.. .
....# ##


You could see a deep elf knight.

Vanquished Creatures
  Gastronok (Lair:2)
  2 orc warlords (Orc:1)
  A frost giant (IceCv)
  A deep elf sorcerer (Elf:1)
  An entropy weaver (Gauntlet)
  A minotaur (Gauntlet)
  Azrael (Orc:2)
  A deep elf death mage (Elf:1)
  An ettin (Orc:2)
  Josephine (Orc:2)
  Fannar (Lair:2)
  A deep elf high priest (Elf:1)
  8 hydras
  Erolcha (D:10)
  A peacekeeper (Elf:1)
  3 anacondas (Snake:1)
  A boulder beetle (D:11)
  The ghost of Atlas the Frost Mage, a journeyman DsIE of Vehumet (D:12)
  The ghost of mojowtm the Slinger, a journeyman SpHu of Dithmenos (D:12)
  Erica (D:11)
  A centaur warrior (D:13)
  11 death yaks
  A dancing weapon (Elf:1)
  A tengu warrior (D:13)
  3 two-headed ogres
  Urug (D:13)
  3 shock serpents (Snake:1)
  An orc high priest (Orc:1)
  Sonja (D:13)
  4 deep elf knights
  4 naga sharpshooters (Snake:1)
  A goliath frog (Swamp:1)
  A deep elf archer (Elf:1)
  A lindwurm (Lair:5)
  5 orc knights
  A mana viper (Snake:1)
  9 deep elf pyromancers
  11 deep elf zephyrmancers (Elf:1)
  5 oklob plants
  3 cyclopes
  4 orc sorcerers
  A wolf spider (Gauntlet)
  10 elephants
  4 ugly things
  A salamander (Snake:1)
  A moth of wrath (Gauntlet)
  Maurice (Orc:2)
  3 ice statues (IceCv)
  6 black mambas
  3 naga magi (Snake:1)
  3 gargoyles
  26 cane toads
  2 kobold demonologists (D:11)
  4 rime drakes
  An efreet (D:12)
  6 komodo dragons
  3 trolls
  5 tyrant leeches (Lair:6)
  15 polar bears
  A hornet (D:11)
  19 blink frogs
  7 dream sheep (Lair:6)
  A shadow (D:11)
  4 wyverns
  A water elemental (Elf:1)
  3 wraiths (Orc:2)
  A redback (Gauntlet)
  A human (D:8)
  54 yaks
  A basilisk (Lair:4)
  3 hogs (D:8)
  Eustachio (D:4)
  10 vampire mosquitoes
  Menkaure (D:6)
  4 nagas
  Edmund (D:4)
  4 wargs
  A soldier ant (D:12)
  2 acid dragons (Gauntlet)
  21 water moccasins
  4 hell hounds (Orc:2)
  46 orc warriors
  A black bear (Lair:5)
  A necrophage (D:11)
  4 ice beasts
  2 sky beasts (D:6)
  28 centaurs
  16 ogres
  An eye of draining (D:9)
  6 phantoms
  28 wolves
  5 kobold brigands
  16 bullfrogs
  An earth elemental (Elf:1)
  A wyvern skeleton (D:12)
  4 scorpions
  7 killer bees (D:7)
  8 wights
  2 howler monkeys
  6 electric eels (D:10)
  A centaur zombie (D:10)
  A bullfrog zombie (D:10)
  6 hounds
  A quasit (D:5)
  2 bullfrog skeletons
  2 centaur skeletons
  23 orc priests
  3 jellies
  3 iguanas
  5 worker ants
  29 orc wizards
  2 hell rats (D:10)
  2 killer bee zombies (D:6)
  A hound zombie (D:9)
  A hound skeleton (D:4)
  A howler monkey zombie (D:9)
  4 gnolls
  14 adders
  A river rat (D:10)
  2 shadow imps
  4 white imps
  2 ufetubi
  An ooze (D:2)
  3 adder zombies
  An adder skeleton (D:9)
  4 worms
  4 leopard geckos
  128 orcs
  8 bats
  5 giant cockroaches
  9 hobgoblins
  18 jackals
  3 quokkas
  A ball python (D:5)
  8 frilled lizards
  A giant cockroach zombie (D:6)
  6 goblins
  19 kobolds
  A leopard gecko skeleton (D:4)
  4 rats
  A fulminant prism (Elf:1)
860 creatures vanquished.

Vanquished Creatures (collateral kills)
  4 orcs (D:13)
4 creatures vanquished.

Vanquished Creatures (others)
  A foxfire (Swamp:1)
  426 fulminant prisms
  52 fungi
  111 plants
  6 withered plants (D:12)
596 creatures vanquished.

Grand Total: 1460 creatures vanquished

Notes
Turn   | Place    | Note
-------+----------+-------------------------------------------
     0 | D:1      | pistachioham the Deep Elf Conjurer began the quest for the
                  | Orb.
     0 | D:1      | Reached XP level 1. HP: 10/10 MP: 6/6
   402 | D:1      | Reached XP level 2. HP: 15/15 MP: 5/8
   405 | D:1      | Learned a level 2 spell: Searing Ray
   434 | D:1      | Reached skill level 5 in Conjurations
  1248 | D:2      | Reached XP level 3. HP: 19/19 MP: 5/9
  1252 | D:2      | Learned a level 3 spell: Dazzling Flash
  1335 | D:2      | Reached skill level 2 in Hexes
  1335 | D:2      | Reached XP level 4. HP: 24/24 MP: 5/10
  1399 | D:2      | Found an ancient bone altar of Kikubaaqudgha.
  1403 | D:2      | Found an opulent altar of Gozag.
  1403 | D:2      | Found a shimmering blue altar of Sif Muna.
  1481 | D:2      | Found a radiant altar of Vehumet.
  1487 | D:2      | Found a stormy altar of Qazlal.
  1514 | D:2      | Became a worshipper of Sif Muna the Loreminder
  1933 | D:2      | Found a broken altar of Ashenzari.
  1934 | D:2      | Found a glowing silver altar of Zin.
  2317 | D:3      | Reached skill level 3 in Hexes
  2317 | D:3      | Reached XP level 5. HP: 27/28 MP: 1/11
  2417 | D:3      | Learned a level 4 spell: Fulminant Prism
  2556 | D:3      | Reached * piety under Sif Muna
  3473 | D:4      | Reached skill level 4 in Hexes
  3511 | D:4      | Noticed a phantom
  3568 | D:4      | Killed a phantom
  3569 | D:4      | Reached XP level 6. HP: 32/32 MP: 6/13
  3654 | D:4      | Noticed Eustachio
  3764 | D:4      | Found a burning altar of Makhleb.
  3764 | D:4      | Noticed Edmund
  3771 | D:4      | Killed Edmund
  3772 | D:4      | Reached skill level 5 in Hexes
  3990 | D:3      | Reached ** piety under Sif Muna
  3991 | D:3      | Reached XP level 7. HP: 24/36 MP: 9/15
  4127 | D:4      | Killed Eustachio
  4588 | D:4      | Reached skill level 6 in Hexes
  4986 | D:4      | Found a staircase to the Ecumenical Temple.
  4994 | Temple   | Entered the Ecumenical Temple
  5027 | D:5      | Entered Level 5 of the Dungeon
  5034 | D:5      | Reached skill level 5 in Stealth
  5233 | D:5      | Upgraded the game from 0.27-a0-592-g0306a34022 to
                  | 0.27-a0-597-g524d869a0f
  5331 | D:5      | Reached XP level 8. HP: 41/41 MP: 10/17
  5463 | D:5      | Reached skill level 5 in Spellcasting
  5569 | D:5      | Found a glowing golden altar of the Shining One.
  5858 | D:5      | Reached skill level 7 in Hexes
  6451 | D:6      | Noticed Menkaure
  6454 | D:6      | Killed Menkaure
  6561 | D:6      | Reached skill level 8 in Hexes
  6995 | D:6      | Reached *** piety under Sif Muna
  7041 | D:6      | Found a white marble altar of Elyvilon.
  7343 | D:6      | Found an ornate altar of the Wu Jian Council.
  7436 | D:6      | Reached XP level 9. HP: 45/45 MP: 15/20
  7836 | D:7      | Reached skill level 9 in Hexes
  8552 | D:7      | Reached **** piety under Sif Muna
  8790 | D:7      | Reached skill level 10 in Conjurations
  8794 | D:7      | Reached skill level 1 in Invocations
  8883 | D:7      | Reached skill level 10 in Hexes
  8941 | D:7      | Learned a level 4 spell: Iskenderun's Mystic Blast
  9219 | D:8      | Found a snail-covered altar of Cheibriados.
  9261 | D:8      | Found a runed translucent gate.
  9261 | D:8      | Found a runed translucent gate.
  9262 | D:8      | Found a runed translucent gate.
  9265 | D:8      | Noticed garrulousMonolith's ghost (novice GnTm)
  9761 | D:8      | Reached XP level 10. HP: 31/50 MP: 12/23
  9899 | D:8      | Found a bloodstained altar of Trog.
 10352 | D:9      | Identified the +1 chain mail of Floral Wonder {rPois rC-
                  | rN+ Str+2}
 10545 | D:9      | Reached skill level 11 in Hexes
 11404 | D:10     | Entered Level 10 of the Dungeon
 11404 | D:10     | Noticed Erolcha
 11988 | D:10     | HP: 2/50 [electric eel/bolt of electricity (14)]
 12254 | D:10     | Noticed a two-headed ogre
 12262 | D:10     | Killed a two-headed ogre
 12263 | D:10     | Reached skill level 12 in Hexes
 12533 | D:10     | Noticed a death yak
 12545 | D:10     | Killed a death yak
 12705 | D:10     | Found a staircase to the Lair.
 12907 | D:10     | Killed Erolcha
 12908 | D:10     | Reached skill level 1 in Bows
 12908 | D:10     | Reached XP level 11. HP: 52/54 MP: 19/26
 13116 | D:10     | Reached ***** piety under Sif Muna
 13184 | D:10     | Identified Sif Muna's Foundations of Witchery (Sif Muna
                  | gifted it to you on level 10 of the Dungeon)
 13184 | D:10     | Received a gift from Sif Muna
 13190 | D:10     | Learned a level 3 spell: Portal Projectile
 13212 | D:10     | Found a staircase to the Orcish Mines.
 13330 | D:10     | Noticed a death yak
 13332 | D:10     | Noticed a death yak
 13342 | D:10     | Killed a death yak
 13343 | D:10     | Reached skill level 1 in Translocations
 13346 | D:10     | Killed a death yak
 13347 | D:10     | Reached skill level 5 in Invocations
 13884 | D:11     | Noticed Erica
 13891 | D:11     | Killed Erica
 14112 | D:11     | Reached skill level 5 in Bows
 14163 | D:11     | Noticed a boulder beetle
 14164 | D:11     | Noticed a brown ugly thing
 14166 | D:11     | Noticed a cyan ugly thing
 14317 | D:11     | Killed a boulder beetle
 14458 | D:11     | Killed a cyan ugly thing
 14471 | D:11     | Killed a brown ugly thing
 15587 | D:12     | Noticed a purple ugly thing
 15592 | D:12     | Killed a purple ugly thing
 15595 | D:12     | Noticed a two-headed ogre
 15604 | D:12     | Killed a two-headed ogre
 15610 | D:12     | Found a frozen archway.
 15633 | IceCv    | Entered an ice cave
 15637 | IceCv    | Reached XP level 12. HP: 59/59 MP: 18/27
 16387 | IceCv    | Reached skill level 13 in Hexes
 16798 | IceCv    | Reached skill level 10 in Bows
 16932 | IceCv    | Noticed a frost giant
 16960 | IceCv    | Killed a frost giant
 17751 | D:12     | Found a runed translucent gate.
 17751 | D:12     | Noticed mojowtm's ghost (journeyman SpHu)
 17752 | D:12     | Found a runed translucent gate.
 17753 | D:12     | Found a runed translucent gate.
 17754 | D:12     | Noticed Atlas's ghost (journeyman DsIE)
 17764 | D:12     | Identified the +2 trident of Luq Vyn {pain, rN++ Dex-2}
 17767 | D:12     | Identified Sif Muna's Handbook of Battle Magic (Sif Muna
                  | gifted it to you on level 12 of the Dungeon)
 17767 | D:12     | Received a gift from Sif Muna
 18426 | D:12     | Killed Atlas's ghost
 18560 | D:12     | Killed mojowtm's ghost
 18721 | Orc:1    | Entered Level 1 of the Orcish Mines
 18736 | Orc:1    | Noticed a two-headed ogre
 18746 | Orc:1    | Killed a two-headed ogre
 18773 | Orc:1    | Reached skill level 14 in Hexes
 19133 | Orc:1    | Reached XP level 13. HP: 63/63 MP: 24/28
 19331 | Orc:1    | Noticed an orc warlord
 19354 | Orc:1    | Killed an orc warlord
 19537 | Orc:1    | Noticed an orc warlord
 19558 | Orc:1    | Killed an orc warlord
 20329 | Orc:2    | Entered Level 2 of the Orcish Mines
 20528 | Orc:2    | Noticed an ettin
 20551 | Orc:2    | Found a staircase to the Elven Halls.
 20663 | Orc:2    | Found Maween's Weapon Shoppe.
 20833 | Orc:2    | Reached skill level 15 in Hexes
 20906 | Orc:2    | Identified Fecimm's Volume of Creative Stolen Souls (Sif
                  | Muna gifted it to you on level 2 of the Orcish Mines)
 20906 | Orc:2    | Received a gift from Sif Muna
 21419 | Orc:2    | Noticed Maurice
 21431 | Orc:2    | Killed Maurice
 21798 | Orc:2    | Killed an ettin
 21858 | Orc:2    | Upgraded the game from 0.27-a0-597-g524d869a0f to
                  | 0.27-a0-604-g29a88b33a7
 21889 | Orc:2    | Noticed Josephine
 21899 | Orc:2    | Killed Josephine
 22014 | Orc:2    | Noticed Azrael
 22031 | Orc:2    | Killed Azrael
 22267 | Orc:2    | Found Nackay Zome's Armour Emporium.
 22267 | Orc:2    | Found Dujuam's Antique Armour Boutique.
 22419 | Orc:2    | Found Bankuubo's General Store.
 22421 | Orc:2    | Found Tequqots's Assorted Antiques.
 22430 | Orc:2    | Bought a scroll of blinking for 75 gold pieces
 22668 | D:13     | Noticed Urug
 22703 | D:13     | Noticed Sonja
 22711 | D:13     | Identified Sif Muna's Incunabulum of Destructive Lightness
                  | (Sif Muna gifted it to you on level 13 of the Dungeon)
 22711 | D:13     | Received a gift from Sif Muna
 22813 | D:13     | Reached skill level 10 in Invocations
 22813 | D:13     | Reached XP level 14. HP: 68/68 MP: 21/29
 22841 | D:13     | Killed Sonja
 22898 | D:13     | Found a portal to a secret trove of treasure.
 22989 | D:13     | Found a gate leading to a gauntlet.
 22998 | Gauntlet | Entered a Gauntlet
 22998 | Gauntlet | Found a transporter.
 22998 | Gauntlet | Found a transporter.
 23008 | Gauntlet | Found a transporter.
 23011 | Gauntlet | Found a transporter.
 23015 | Gauntlet | Found a runed translucent door.
 23015 | Gauntlet | Found a runed translucent door.
 23023 | Gauntlet | Found a transporter.
 23026 | Gauntlet | Found a transporter.
 23043 | Gauntlet | Found a transporter.
 23056 | Gauntlet | Found a transporter.
 23063 | Gauntlet | Found a transporter.
 23064 | Gauntlet | Found a transporter.
 23078 | Gauntlet | Found a transporter.
 23081 | Gauntlet | Found a transporter.
 23291 | Gauntlet | Reached skill level 1 in Fighting
 23308 | Gauntlet | Identified the +1 robe of Hadjma {Int+3 Dex+5}
 23427 | Gauntlet | Found the ring of the Octopus King
 23427 | Gauntlet | Identified the amulet "Wore" {Acrobat Will+}
 23451 | Gauntlet | Reached skill level 5 in Dodging
 23495 | Gauntlet | Identified the +4 ring mail of Midsummer {Int+3}
 23495 | Gauntlet | Identified a ring of the Octopus King {rN+ AC+1 EV+1 Str+1
                  | Int+1 Dex+1}
 23639 | D:13     | Noticed Nessos
 23856 | D:13     | Killed Urug
 24180 | D:13     | Found Goheror's Antique Armour Boutique.
 24295 | Lair:1   | Entered Level 1 of the Lair of Beasts
 25385 | Lair:1   | Learned a level 3 spell: Inner Flame
 25393 | Lair:1   | Learned a level 7 spell: Orb of Destruction
 25629 | Lair:2   | Reached skill level 5 in Translocations
 25710 | Lair:2   | Noticed Fannar
 25721 | Lair:2   | Killed Fannar
 25923 | Lair:2   | Noticed Gastronok
 25936 | Lair:2   | Killed Gastronok
 25937 | Lair:2   | Reached skill level 16 in Hexes
 26077 | Lair:2   | Identified the +8 falchion "Juot" {venom, rPois}
 26348 | Lair:2   | Found a staircase to the Snake Pit.
 27362 | Lair:3   | Found a staircase to the Swamp.
 28885 | Lair:4   | Reached XP level 15. HP: 78/78 MP: 22/30
 28892 | Lair:4   | Reached skill level 10 in Spellcasting
 29411 | Lair:5   | Identified a scroll of acquirement
 30109 | Lair:5   | Acquired the +6 longbow of Untimely Demise {flame, +Inv
                  | rElec Int+2 Dex-2}
 30490 | Lair:6   | Entered Level 6 of the Lair of Beasts
 30616 | Lair:6   | Identified Sif Muna's Almanac of Displacement (Sif Muna
                  | gifted it to you on level 6 of the Lair of Beasts)
 30616 | Lair:6   | Received a gift from Sif Muna
 31789 | Lair:6   | Learned a level 4 spell: Passage of Golubria
 31809 | Lair:6   | Reached skill level 15 in Conjurations
 32523 | Lair:6   | Found a viscous altar of Jiyva.
 32533 | Lair:6   | Found a staircase to the Slime Pits.
 33364 | Lair:5   | Reached skill level 17 in Hexes
 33494 | Snake:1  | Entered Level 1 of the Snake Pit
 35215 | Swamp:1  | Entered Level 1 of the Swamp
 35219 | Swamp:1  | Reached skill level 15 in Bows
 35219 | Swamp:1  | Reached XP level 16. HP: 83/83 MP: 21/32
 35565 | Elf:1    | Entered Level 1 of the Elven Halls
 36021 | Elf:1    | Identified Hohoyts's Guide on Necromancy and Orientation
                  | (Sif Muna gifted it to you on level 1 of the Elven Halls)
 36021 | Elf:1    | Received a gift from Sif Muna
 36652 | Elf:1    | Reached skill level 18 in Hexes
 36696 | Elf:1    | Killed from afar by a deep elf knight

Illustrated notes

Levels and vault maps discovered:
D:1:      minmay_arrival_nine_rooms, layout_loops_corners
D:2:      minmay_general_purpose_star, layout_basic,
          minmay_overflow_temple_star_hex, grunt_temple_overflow_open
D:3:      layout_basic
D:4:      layout_basic, bloody_makhleb, minmay_temple_entry_overgrown,
          uniq_eustachio, uniq_edmund
D:5:      layout_basic, tso_metal_star
D:6:      layout_basic, old_standard_altar, nicolae_elyvilon_temple_path,
          uniq_menkaure
D:7:      layout_loops_corners, minmay_misc_feat_five
D:8:      layout_basic, lemuel_doored_altar, lemuel_crystal_altar,
          ebering_ghost_rock_garden, special_room [special_room_orc],
          grunt_livestock
D:9:      layout_roguey
D:10:     layout_basic, dpeg_lair_monsters, david_orc_5, uniq_erolcha
D:11:     layout_grid_maze, uniq_erica
D:12:     layout_irregular_city, gammafunk_ghost_cemetery,
          portal_ice_cave_entry_pillars_2
D:13:     layout_basic, david_vaults_5, gauntlet_entry_generic,
          trove_entry_hex_spiral, serial_shops, kennysheep_mini, uniq_sonja,
          uniq_urug, uniq_nessos
Temple:   chequers_temple_sunken
Lair:1:   layout_regular_city, grunt_megastairs_1
Lair:2:   layout_concentric_octagons, guppyfry_snake_entry_garden,
          beast_lair_carwin_7, uniq_fannar, uniq_gastronok
Lair:3:   layout_loops_ring, swamp_mist, grunt_megastairs_2
Lair:4:   layout_roguey
Lair:5:   layout_small_grid, minmay_lair_oklob_chamber
Lair:6:   minmay_lair_end_frog_pond, layout_regular_city,
          dpeg_slime_entry_enclosed_altar
Swamp:1:  layout_falls_marsh, evilmike_swamp_ruin_house_4
Snake:1:  layout_honeycomb
Orc:1:    orc_temple, layout_caves, mines2_david
Orc:2:    st_orc_rangers, layout_diamond_mine, serial_shops, shop,
          mines4_lemuel, uniq_azrael, uniq_maurice, uniq_josephine
Elf:1:    layout_gridlike, portal_desolation_entry_twin_temple,
          hangedman_elf_represent, dk_noncrumbling_4, nicolae_twisting_strands

Skill      XL: |  1  2  3  4  5  6  7  8  9 10 11 12 13 14 15 16 |
---------------+-------------------------------------------------+-----
Conjurations   | 5 6 7 8 9 10 12 13 14 15 16 | 16.1
Hexes          | 2 3 4 5 6 8 10 12 14 15 16 17 18 | 18.0
Stealth        | 3 4 5 6 7 9 |  9.7
Spellcasting   | 4 6 7 9 10 | 10.1
Invocations    | 2 4 6 8 10 11 | 11.4
Bows           | 1 8 11 12 15 | 15.3
Translocations | 4 5 7 |  7.8
Dodging        | 3 7 |  7.8
Fighting       | 3 |  3.3

Action                   |  1- 3 |  4- 6 |  7- 9 | 10-12 | 13-15 | 16-18 || total
-------------------------+-------+-------+-------+-------+-------+-------++-------
Melee: Dagger            |       |       |     2 |     1 |     2 |       ||     5
       Shortbow          |       |       |       |     1 |       |       ||     1
       Longbow           |       |       |       |       |     1 |       ||     1
 Fire: Shortbow          |       |       |     4 |   191 |   363 |       ||   558
       Longbow           |       |       |       |       |   121 |    51 ||   172
 Cast: Magic Dart        |    36 |    56 |    60 |    16 |     4 |       ||   172
       Searing Ray       |     3 |    30 |    66 |    65 |    99 |    15 ||   278
       Fulminant Prism   |       |     4 |    20 |   134 |   243 |    26 ||   427
       Iskenderun's Myst |       |       |       |    42 |   124 |    22 ||   188
       Portal Projectile |       |       |       |     2 |     2 |       ||     4
       Orb of Destructio |       |       |       |       |    23 |     6 ||    29
       Dazzling Flash    |       |       |       |       |     1 |       ||     1
       Discord           |       |       |       |       |     1 |       ||     1
       Passage of Golubr |       |       |       |       |    11 |     5 ||    16
       Inner Flame       |       |       |       |       |     4 |       ||     4
Invok: Channel Magic     |       |       |       |     5 |    13 |     5 ||    23
       Divine Exegesis   |       |       |       |       |     1 |       ||     1
Evoke: Wand              |       |       |       |     1 |    12 |     1 ||    14
  Use: Potion            |       |     1 |       |     5 |    17 |     4 ||    27
       Scroll            |       |     1 |       |    23 |    16 |     1 ||    41
Armor: Robe              |       |     2 |     7 |     2 |    14 |       ||    25
       Troll leather arm |       |       |       |    11 |    24 |       ||    35
       Leather armour    |       |       |       |       |    19 |     9 ||    28
Dodge: Dodged            |     3 |    17 |    20 |    26 |   161 |    28 ||   255
       Repelled          |       |       |       |       |       |     2 ||     2

Table legend: (Time is in decaauts)
 A = Elapsed time spent in this place.
 B = Non-inter-level travel time spent in this place.
 C = Inter-level travel time spent in this place.
 D = Time resting spent in this place.
 E = Time spent auto-exploring this place.
 F = Levels seen in this place.
 G = Mean time per level.
                   A        B        C        D        E       F      G
               +--------+--------+--------+--------+--------+-----+--------+
         Total |  36655 |  35199 |   1456 |  11763 |  11900 |  27 | 1357.6 |
       Dungeon |  18464 |  17676 |    788 |   5554 |   8254 |  13 | 1420.3 |
        Temple |      1 |      1 |      0 |      0 |      0 |   1 |    1.0 |
          Lair |   9727 |   9212 |    515 |   3211 |   2261 |   6 | 1621.2 |
         Swamp |      6 |      6 |      0 |      0 |      0 |   1 |    6.0 |
     Snake Pit |   1469 |   1412 |     57 |    682 |    120 |   1 | 1469.0 |
  Orcish Mines |   4321 |   4225 |     96 |   1294 |    887 |   2 | 2160.5 |
   Elven Halls |    566 |    566 |      0 |     99 |      0 |   1 |  566.0 |
      Ice Cave |   1612 |   1612 |      0 |    822 |    317 |   1 | 1612.0 |
      Gauntlet |    484 |    484 |      0 |     99 |     61 |   1 |  484.0 |
               +--------+--------+--------+--------+--------+-----+--------+

Top non-repeatable levels by time:
  Lair:5: 2675 daAuts
   Orc:2: 2638 daAuts
    D:10: 2393 daAuts
    D:11: 2085 daAuts
     D:3: 1811 daAuts
  Lair:2: 1765 daAuts
   Orc:1: 1682 daAuts
  Lair:6: 1682 daAuts
    D:12: 1645 daAuts
   IceCv: 1612 daAuts
 Snake:1: 1469 daAuts
     D:7: 1441 daAuts
  Lair:3: 1375 daAuts
  Lair:1: 1355 daAuts
     D:6: 1294 daAuts
